 Dungeon Crawl Stone Soup version 0.19-a0-1626-g5215c36 (webtiles) character file.

86 wazuzu the Insei (level 4, 0/35 HPs)
             Began as a Demonspawn Monk on Sept 18, 2016.
             Slain by an adder (3 damage)
             ... on level 2 of the Dungeon.
             The game lasted 00:05:01 (2219 turns).

wazuzu the Insei (Demonspawn Monk)                  Turns: 2219, Time: 00:05:02

Health: 0/35       AC:  3    Str: 11    XL:     4   Next: 27%
Magic:  4/4        EV: 13    Int: 11    God:
Gold:   89         SH:  0    Dex: 17    Spells: 0 memorised, 3 levels left

rFire  . . .     SeeInvis .       - Unarmed
rCold  . . .     Gourm    .     a - +1 robe
rNeg   . . .     Faith    .     (no shield)
rPois  .         Spirit   .     (no helmet)
rElec  .         Dismiss  .     (no cloak)
rCorr  .         Reflect  .     (no gloves)
MR     .....     Harm     .     (no boots)
Stlth  ++........               (no amulet)
                                (no ring)
                                (no ring)

@: lethally poisoned (0 -> -1)
A: hooves 1, demonic guardian 1, spiny 1
a: no special abilities


You were on level 2 of the Dungeon.
You were not hungry.

You visited 1 branch of the dungeon, and saw 2 of its levels.

You collected 89 gold pieces.

Inventory:

Armour
 a - a +1 robe (worn)
Jewellery
 i - an uncursed amulet of regeneration {unknown}
Scrolls
 k - 2 scrolls of remove curse
Potions
 f - a potion of magic
 j - a potion of brilliance
 m - a potion of resistance {unknown}
 o - 2 potions of flight
Comestibles
 b - a bread ration
 c - a slice of pizza


   Skills:
 - Level 3.0 Fighting
 - Level 2.6 Dodging
 - Level 1.7 Stealth
 + Level 4.6 Unarmed Combat


You had 3 spell levels left.
You didn't know any spells.

Dungeon Overview and Level Annotations

Branches:
Dungeon (2/15)

Altars:
Hepliaklqana
Kikubaaqudgha
Vehumet


Innate Abilities, Weirdness & Mutations

You have large cloven feet.
A weak demonic guardian rushes to your aid.
You are partially covered in sharp spines.


Message History

The adder bites you.
* * * LOW HITPOINT WARNING * * *
The adder is struck by your spines. The adder bites you.
* * * LOW HITPOINT WARNING * * *
You are poisoned.
The adder poisons you!
You feel sick.
You barely miss the adder.
The adder is moderately wounded.
The adder closely misses you. The adder bites you.
* * * LOW HITPOINT WARNING * * *
You closely miss the adder. Your kick misses the adder.
The adder is moderately wounded.
You feel sick. The adder is struck by your spines.
The adder closely misses you.
You miss the adder.
The adder is severely wounded.
The adder is struck by your spines. The adder bites you.
You die...

.......#..##.###.......'..#
#####..#.....###.......##.#
......>#...............##.#
.......#####..............#
#####...# #..#############
........# ##.# ***.# .#.#....#
#.# *,..********* .#.#<...#
#.#######.#,,,,,,,,,* ##.##...#
#...@S....#********,*
........##########..l....#*****,*
##.###.....................,,,*,*
##.................#####.##**,*,*
........#...........,,,*,# *,*,*
#########.##########**,*,* *,*,,
#.# *,*,****,*,* #.# *,*,,,,,,*,*
#.# *,********,*


You could see an adder and a frilled lizard.

Vanquished Creatures
  Terence (D:2)
  2 adders
  An ooze (D:1)
  2 worms (D:2)
  A dart slug (D:2)
  2 leopard geckos
  3 giant cockroaches
  5 goblins
  2 hobgoblins
  4 jackals (D:2)
  A bat (D:2)
  2 frilled lizards
  4 kobolds (D:1)
  3 rats
33 creatures vanquished.

Vanquished Creatures (collateral kills)
  A bat (D:2)
1 creature vanquished.

Grand Total: 34 creatures vanquished

Notes
Turn   | Place    | Note
-------+----------+-------------------------------------------
     0 | D:1      | wazuzu the Demonspawn Monk began the quest for the Orb.
     0 | D:1      | Reached XP level 1. HP: 18/18 MP: 1/1
    64 | D:1      | Reached skill level 3 in Unarmed Combat
   151 | D:1      | Gained mutation: You have large cloven feet. [demonic ancestry]
   151 | D:1      | Reached XP level 2. HP: 24/24 MP: 2/2
   668 | D:2      | Noticed Terence
   700 | D:1      | Gained mutation: A weak demonic guardian rushes to your aid. [demonic ancestry]
   700 | D:1      | Reached XP level 3. HP: 21/29 MP: 3/3
  1388 | D:2      | Reached skill level 4 in Unarmed Combat
  1454 | D:2      | HP: 1/29 [poisoned by an adder]
  1806 | D:2      | Found a radiant altar of Vehumet.
  1806 | D:2      | Found a hazy altar of Hepliaklqana.
  1868 | D:2      | Found an ancient bone altar of Kikubaaqudgha.
  1889 | D:2      | Killed Terence
  1889 | D:2      | Gained mutation: You are partially covered in sharp spines. [demonic ancestry]
  1889 | D:2      | Reached XP level 4. HP: 5/35 MP: 4/4
  1909 | D:2      | HP: 1/35 [worm (12)]
  2219 | D:2      | Slain by an adder

Vault maps used:
D:1:      mrwooster_arrival_statue_3
D:2:      nicolae_overflow_crystal_walls, amethyst_overflow_temple_binary,
          minmay_item_behind_shaft, uniq_terence

Skill      XL: |  1  2  3 |
---------------+----------+-----
Unarmed Combat | 3 4 |  4.6
Fighting       | |  3.0
Dodging        | |  2.6
Stealth        | |  1.7

Action                   |  1- 3 |  4- 6 || total
-------------------------+-------+-------++-------
Melee: Unarmed           |   100 |    23 ||   123
       Kick              |    23 |     6 ||    29
       Punch             |     3 |       ||     3
  Use: Scroll            |       |    10 ||    10
       Potion            |       |     4 ||     4
 Stab: Sleeping          |     4 |       ||     4
  Eat: Chunk             |     3 |     1 ||     4
Armor: Robe              |    16 |     2 ||    18
Dodge: Dodged            |    73 |     7 ||    80
